 Dungeon Crawl Stone Soup version 0.32-a0-815-g315f82d515 (webtiles) character file.

Game seed: 11520571039833674061

428 Ajdolov the Trooper (level 6, 0/84 HPs)
             Began as an Armataur Fighter on Mar 23, 2024.
             Slain by an ufetubus (3 damage)
             ... on level 4 of the Dungeon.
             The game lasted 00:05:28 (3466 turns).

Ajdolov the Trooper (Armataur Fighter)              Turns: 3466, Time: 00:05:28

Health: 0/84       AC: 23    Str: 23    XL:     6   Next: 65%
Magic:  6/6        EV:  1    Int:  9    God:
Gold:   208        SH:  4    Dex:  9    Spells: 5/5 levels left

rFire   . . .        a - +0 flail
rCold   . . .        c - +0 buckler
rNeg    . . .        b - melded +0 scale mail
rPois   +            u - melded +0 helmet
rElec   .            (cloak currently unavailable)
rCorr   .            (gloves currently unavailable)
SInv    .            (no barding)
Will    .....        (no amulet)
Stlth   +            j - ring of poison resistance
HPRegen 0.34/turn    g - +5 ring of evasion
MPRegen 0.10/turn

%: roll
@: tree-form, hasted, very quick
A: stationary, stasis, torment immunity, boosted hp, large, (deformed body),
(tough skin 3), (armoured tail), rollpage 1
a: no special abilities


You were on level 4 of the Dungeon.
You were a tree.
You visited 1 branch of the dungeon, and saw 4 of its levels.
You also visited: Sewer.

You collected 208 gold pieces.

Inventory:

Hand Weapons
 a - a +0 flail (weapon)
Missiles
 d - 2 javelins
 q - a throwing net (quivered)
 r - 2 boomerangs
Armour
 b - a +0 scale mail (melded)
 c - a +0 buckler (worn)
 u - a +0 helmet (melded)
Jewellery
 g - a +5 ring of evasion (right branch)
 j - a ring of poison resistance (left branch)
Scrolls
 e - a scroll of vulnerability {unknown}
 f - 2 scrolls of enchant armour {unknown}
 h - 5 scrolls of blinking {unknown}
 i - 2 scrolls of noise
 k - 3 scrolls of identify {unknown}
 o - a scroll of amnesia {unknown}
 p - a scroll of fear {unknown}
 s - a scroll of immolation {unknown}
Potions
 m - 3 potions of enlightenment
 t - 2 potions of mutation


   Skills:
 - Level 5.0 Fighting
 + Level 4.2 Maces & Flails
 - Level 4.4 Armour
 - Level 4.0 Shields


You had 5 spell levels left.
You didn't know any spells.
Your spell library contained the following spells:

 Spells                   Type           Power      Damage    Failure   Level
 Scorch                   Fire           0%         2d5       58%         2
 Flame Wave               Conj/Fire      0%         2d4       99%         4
 Summon Cactus Giant      Summ           0%         N/A       100%        6


Dungeon Overview and Level Annotations

Branches:
Dungeon (4/15)              Sewer (visited)
 Temple: D:4-7

Altars:
Hepliaklqana
Nemelex Xobeh
Trog
Uskayaw
Wu Jian
Xom
The Shining One


Innate Abilities, Weirdness & Mutations

You are a tree.
Your roots penetrate the ground, keeping you stationary.
You cannot be teleported.
You are immune to unholy pain and torment.
Your maximum health is greatly increased.
Your equipment is partially melded.
((Armour fits poorly on your strangely shaped body.))
((You have extremely tough skin. (AC +3)))
((You have a long armoured tail.))
You regenerate magic when rolling toward enemies. (Rampage MPRegen)


Message History

The ufetubus hits you but does no damage. x8
You closely miss the ufetubus.
The ufetubus is heavily wounded.
You block the ufetubus's attack. x2
The ufetubus hits you but does no damage. x4
Unknown command.
You sock the ufetubus!
You kill the ufetubus!
The ufetubus hits you but does no damage.
You block the ufetubus's attack. The ufetubus barely misses you.
The ufetubus hits you but does no damage.
You cannot move.
You hit the ufetubus.
The ufetubus is lightly wounded.
The ufetubus hits you but does no damage. x2
The ufetubus slips past you!
The ufetubus hits you but does no damage.
The ufetubus hits you.
* * * LOW HITPOINT WARNING * * *
You closely miss the ufetubus.
The ufetubus is lightly wounded.
The ufetubus hits you but does no damage. x2
The ufetubus completely misses you.
The ufetubus hits you but does no damage.
You closely miss the ufetubus.
The ufetubus is lightly wounded.
The ufetubus hits you but does no damage. x2
The ufetubus hits you.
* * * LOW HITPOINT WARNING * * *
The ufetubus hits you but does no damage.
Unknown command.
You closely miss the ufetubus.
The ufetubus is lightly wounded.
The ufetubus hits you but does no damage. x2
Unknown command.
It was a potion of haste.
You feel yourself speed up. You block the ufetubus's attack.
The ufetubus hits you but does no damage.
The ufetubus hits you.
You die...

......... ..... .........#
..... ......... ##+#....
###
#......####+###.....####..
#......#......#.....#.....
+......#......#.....#.....
#......'......#.....#.....
#......#).....#.....#.....
#......#)♣....'.....#.....
#......#..5...#.....#.....
#......#......#.....#.....
#......#....###.....#'###.
#......#....#####+#.......
#......#..........#.......
#......#..........#.......
#......#..........#.......
#......#..........#....>..


You could see an ufetubus.

Vanquished Creatures
  An ogre (D:4)
  A hound (D:3)
  2 orc wizards (D:3)
  3 gnolls
  8 adders
  4 river rats (Sewer)
  An ufetubus (D:4)
  4 dart slugs
  4 ribbon worms
  4 orcs (D:3)
  6 bats
  9 endoplasms
  6 giant cockroaches
  8 goblins
  4 hobgoblins
  5 jackals
  10 kobolds
  3 quokkas
  9 ball pythons
  6 frilled lizards
  7 rats
105 creatures vanquished.

Notes
Turn   | Place    | Note
-------+----------+-------------------------------------------
     0 | D:1      | Ajdolov the Armataur Fighter began the quest for the Orb.
     0 | D:1      | Reached XP level 1. HP: 18/18 MP: 1/1
    97 | D:1      | Reached XP level 2. HP: 25/25 MP: 2/2
   358 | D:1      | Reached skill level 3 in Fighting
   391 | D:1      | Found a faded altar of an unknown god.
   434 | D:1      | Reached XP level 3. HP: 26/31 MP: 3/3
  1333 | D:3      | Reached XP level 4. HP: 38/38 MP: 4/4
  1438 | D:3      | Reached skill level 4 in Fighting
  1441 | D:3      | Reached XP level 5. HP: 24/46 MP: 5/5
  1995 | D:3      | Found a bloodstained altar of Trog.
  1995 | D:3      | Found a sparkling altar of Nemelex Xobeh.
  1995 | D:3      | Found a hide-covered altar of Uskayaw.
  1996 | D:3      | Found a shimmering altar of Xom.
  1997 | D:3      | Found a hazy altar of Hepliaklqana.
  1999 | D:3      | Found a glowing golden altar of the Shining One.
  2000 | D:3      | Found an ornate altar of the Wu Jian Council.
  2417 | D:4      | Noticed an ogre
  2426 | D:4      | Killed an ogre
  2427 | D:4      | Reached skill level 5 in Fighting
  2427 | D:4      | Reached XP level 6. HP: 56/56 MP: 6/6
  2456 | D:4      | Found a glowing drain.
  2461 | Sewer    | Entered a sewer
  3464 | D:4      | HP: 3/84 [ufetubus (3)]
  3466 | D:4      | Slain by an ufetubus

Illustrated notes

Levels and vault maps discovered:
D:1:      dpeg_arrival_pits, layout_loops_ring,
          chequers_ecumenical_altar_island, amethyst_killhole,
          minmay_pentomino_s4
D:2:      layout_rooms
D:3:      layout_loops_corners, minitemple
D:4:      layout_gridville, mainiacjoe_sewer_entry_somewhere_in_here_1

Skill      XL: |  1  2  3  4  5  6 |
---------------+-------------------+-----
Maces & Flails | 2 3 4 |  4.2
Armour         | 4 |  4.4
Fighting       | 3 4 5 |  5.0
Shields        | 4 |  4.0

Action                     |  1- 3 |  4- 6 || total
---------------------------+-------+-------++-------
  Melee: Flail             |   137 |   242 ||   379
         Tailslap          |    14 |    19 ||    33
  Throw: Throwing net      |       |     1 ||     1
    Use: Potion            |       |     3 ||     3
 Armour: Scale mail        |    91 |   253 ||   344
         Skin              |       |    29 ||    29
  Dodge: Dodged            |    61 |   247 ||   308
  Block: Buckler           |    30 |   100 ||   130

Table legend: (Time is in decaauts)
 A = Elapsed time spent in this place.
 B = Non-inter-level travel time spent in this place.
 C = Inter-level travel time spent in this place.
 D = Time resting spent in this place.
 E = Time spent auto-exploring this place.
 F = Levels seen in this place.
 G = Mean time per level.
                   A        B        C        D        E       F      G
               +--------+--------+--------+--------+--------+-----+--------+
         Total |   3575 |   3456 |    119 |    122 |   2378 |   5 |  715.0 |
       Dungeon |   2708 |   2589 |    119 |      0 |   1910 |   4 |  677.0 |
         Sewer |    866 |    866 |      0 |    122 |    468 |   1 |  866.0 |
               +--------+--------+--------+--------+--------+-----+--------+

Top non-repeatable levels by time:
     D:3: 1111 daAuts
     D:1: 915 daAuts
   Sewer: 866 daAuts
     D:2: 445 daAuts
     D:4: 237 daAuts
